[Event "Open NK Rapid 2025 bord 26-50"]
[Site "Helmond, Netherlands"]
[Date "2025.05.03"]
[Round "2.24"]
[White "Kurt, Sascha"]
[Black "Ganeshram, Nirupa"]
[Result "1-0"]
[TimeControl "15 min +5 sec increment"]
[WhiteFideId "1082647"]
[BlackFideId "1083031"]
[WhiteElo "1953"]
[BlackElo "1679"]

1. e4 c5 2. Nf3 d6 3.
d4 cxd4 4. Nxd4 Nf6 5. Nc3 g6 6. Be3 Bg7 7.
f3 O-O 8. Qd2 Nc6 9. O-O-O d5 10.
Nxc6 bxc6 11. Bc4 Qa5 12. Nxd5 Qxd2+ 13. Rxd2 cxd5 14. exd5 Rd8 15. Rhd1 Ne8 16. Bb3 Nd6 17. c4 Nf5 18. Bf4 Bh6 19. Bxh6 Nxh6 20.
c5 Nf5 21. g4 Ng7 22. c6 Rd6 23. Bc4 a5 24. a3 Ba6 25. Bxa6 Rxa6 26. b4 axb4 27. axb4 Ne8 28. Kb2 Nc7 29. Kb3 Kg7 30. Kc4 Ra4 31.
Kb3 Ra6 32. Kc4 Ra4 33. Kc5 Kf6 34. b5 Ra5 35. Rb2 Na6+ 36. Kb6 Ra3 37. bxa6 Rxf3 38. a7 Ra3 39. Kb7 Rd8 40. c7 Rd7 41.
Rc1 Ra5 42. a8=Q Rxa8 43. Kxa8 1-0

[Event "Open NK Rapid 2025 bord 26-50"]
[Site "Helmond, Netherlands"]
[Date "2025.05.03"]
[Round "2.25"]
[White "Calvi, Elias Francesco"]
[Black "Oostvogels, Niek"]
[Result "1-0"]
[TimeControl "15 min +5 sec increment"]
[WhiteFideId "34625704"]
[BlackFideId "1051725"]
[WhiteElo "1699"]
[BlackElo "1949"]

1. d4 d5 2. c4 e6 3. Nc3 Nf6 4. cxd5 exd5 5. Bg5 Be7 6. e3 Nbd7 7. Bd3 c6 8. Nge2 Nf8 9. O-O Ne6 10.
Bxf6 Bxf6 11. Rc1 O-O 12. Ng3 Re8 13. b4 a6 14. a4 Be7 15. b5 axb5 16. axb5 c5 17. dxc5 Nxc5 18. Nxd5 Nxd3 19.
Qxd3 Bf8 20. Rfd1 Be6 21. Nc7 Qxd3 22. Rxd3 Rec8 23. b6 Ra2 24. Rb1 Bc4 25. Rc3 Ba6 26. Nd5 Rxc3 27. Nxc3 Rc2 28.
Nd5 Bc5 29. h3 Bc4 30. Nc7 Ba2 31. Rd1 g6 32. Rd8+ Kg7 33. Ne8+ Kh6 34. Rc8 Be6 35. Rc7 Bd5 36. Nd6 Rc1+ 37.
Kh2 Rc2 38. Nxf7+ Bxf7 39. Rxf7 Bxb6 40. Rxb7 Bc7 41. f4 Bd6 42. Rb3 Bc5 43. e4 Rf2 44. Rf3 Rc2 45. e5 Kg7 46. Ne4 Bd4 47.
Nd6 Rc1 48. g4 Rc2+ 49. Kg3 Bc5 50. Ne4 1-0

[Event "Open NK Rapid 2025 bord 26-50"]
[Site "Helmond, Netherlands"]
[Date "2025.05.03"]
[Round "3.1"]
[White "Chua, Ethan"]
[Black "Calvi, Elias Francesco"]
[Result "1-0"]
[TimeControl "15 min +5 sec increment"]
[WhiteFideId "1089250"]
[BlackFideId "34625704"]
[WhiteElo "2069"]
[BlackElo "1699"]

1. e4 c5 2. Nf3 e6 3. d4 cxd4 4. Nxd4 a6 5. Bd3 Nf6 6. O-O Bc5 7. Nb3 Ba7 8. e5 Nd5 9. Qg4 Ne7 10.
Qxg7 Rg8 11. Qxh7 Nbc6 12. Bf4 b5 13. Nc3 Bb7 14. Ne4 Qc7 15. Nf6+ Kd8 16. Nxg8 Nxg8 17. Qxg8+ Ke7 18. Bg5+ f6 19. Bxf6# 1-0

[Event "Open NK Rapid 2025 bord 26-50"]
[Site "Helmond, Netherlands"]
[Date "2025.05.03"]
[Round "3.2"]
[White "Khatniuk, Anastasiia"]
[Black "Geboers, Jimmy"]
[Result "1-0"]
[TimeControl "15 min +5 sec increment"]
[WhiteFideId "14179105"]
[BlackFideId "262919"]
[WhiteElo "1822"]
[BlackElo "2065"]

1. e4 e6 2. d4 d5 3. Nd2 Nf6 4. e5 Nfd7 5. Ngf3 c5 6. c3 Nc6 7. Bd3 cxd4 8. cxd4 Nxd4 9. Nxd4 Nxe5 10.
Bb5+ Bd7 11. Bxd7+ Qxd7 12. O-O Bd6 13. N2f3 Ng4 14. Re1 O-O 15. h3 Nf6 16. b3 Ne4 17. Bb2 f6 18. a4 e5 19.
Nb5 Rfd8 20. Qxd5+ Qf7 21. Qxe4 Qxb3 22. Rab1 Qf7 23. Nxd6 Rxd6 24. Ba3 Rd7 25. Red1 Rad8 26. Rxd7 Rxd7 27.
Qc2 g6 28. Qb3 Kg7 29. Qxf7+ Kxf7 30. Kf1 b6 31. Ke2 Rc7 32. Nd2 Ke6 33. Rc1 Rd7 34. Rc6+ Kf7 35. Ne4 f5 36. Ng5+ Kg7 37.
Rc7 1-0

[Event "Open NK Rapid 2025 bord 26-50"]
[Site "Helmond, Netherlands"]
[Date "2025.05.03"]
[Round "3.3"]
[White "Kakrana, Reyansh"]
[Black "Roebers, Jan"]
[Result "0-1"]
[TimeControl "15 min +5 sec increment"]
[WhiteFideId "1094092"]
[BlackFideId "1007815"]
[WhiteElo "1796"]
[BlackElo "2058"]

1. e4 e5 2. Nf3 Nc6 3.
Bb5 a6 4. Ba4 Nf6 5. d3 b5 6. Bb3 Be7 7. c3 O-O 8. O-O d5 9. exd5 Nxd5 10. Re1 Bb7 11. Nxe5 Nxe5 12. Rxe5 Bf6 13.
Re2 Qd6 14. Be3 Nf4 15. Bxf4 Qxf4 16. Nd2 Be5 17. g3 Qf6 18. d4 Bd6 19. Bc2 Qh6 20. Be4 Bxe4 21. Nxe4 f5 22. Nxd6 Qxd6 23.
Qb3+ Kh8 24. Re6 Qd7 25. f4 b4 26. Rae1 bxc3 27. bxc3 Rab8 28. Qc4 Qb5 29. Qxb5 axb5 30. Re7 b4 31.
cxb4 Rxb4 32. Rxc7 Rxd4 33. Ree7 Rg8 34. Ra7 Rd2 35. Kf1 Rxh2 36. Re2 Rxe2 37. Kxe2 h5 38. Kf2 Kh7 39. a4 Kh6 40.
Kf3 Rb8 41. a5 Rb3+ 42. Kf2 h4 43. gxh4 g6 44. a6 Ra3 45. Ra8 Kh5 46. a7 Kg4 47. h5 Kxf4 48. hxg6 Ra2+ 49. Ke1 Ra1+ 50.
Kd2 0-1

[Event "Open NK Rapid 2025 bord 26-50"]
[Site "Helmond, Netherlands"]
[Date "2025.05.03"]
[Round "3.4"]
[White "Sydykov, Bayastan"]
[Black "De Witte, Sjoerd"]
[Result "1-0"]
[TimeControl "15 min +5 sec increment"]
[WhiteFideId "13829610"]
[BlackFideId "1092421"]
[WhiteElo "2297"]
[BlackElo "1789"]

1. e4 c5 2. Nf3 d6 3. Bb5+ Nd7 4. Ba4 Ngf6 5. O-O g6 6. Re1 Bg7 7. c3 O-O 8. d4 cxd4 9. cxd4 e5 10. Nc3 exd4 11. Nxd4 Nc5 12. Bc2 Re8 13. Bg5 h6 14. Bh4 Qb6 15.
Bxf6 Bxf6 16. Nd5 Qd8 17. Nb5 Ne6 18. Nxd6 Bxb2 19. Nxe8 Qxe8 20. Rb1 Bg7 21. Ba4 Qd8 22. Qc2 Qg5 23.
Qc1 Qh4 24. Qe3 Be5 25. g3 Qh3 26. Ne7+ Kh7 27. Nxc8 Rxc8 28. Bd7 Rc3 29. Bxe6 Rxe3 30. Bxh3 1-0

[Event "Open NK Rapid 2025 bord 26-50"]
[Site "Helmond, Netherlands"]
[Date "2025.05.03"]
[Round "3.5"]
[White "Vasylchenko, Maksym"]
[Black "Beeke, Bob"]
[Result "0-1"]
[TimeControl "15 min +5 sec increment"]
[WhiteFideId "34150617"]
[BlackFideId "1011634"]
[WhiteElo "1853"]
[BlackElo "2217"]

1. d4 d5 2. c4 dxc4 3. Nf3 a6 4. e3 Nf6 5. Bxc4 e6 6. O-O b5 7. Bd3 Bb7 8. a3 c5 9. dxc5 Bxc5 10. Qe2 Nbd7 11. Rd1 Qe7 12. b4 Bd6 13.
Bb2 O-O 14. Nbd2 Rfc8 15. Rac1 Nb6 16. e4 e5 17. Nh4 g6 18. Nhf3 Na4 19. Ba1 Rc7 20. Qe3 Rac8 21. Rxc7 Rxc7 22.
Nf1 Rd7 23. Ng3 Bb8 24. Qg5 Nb6 25. Nxe5 Bxe5 26. Bxe5 Nxe4 27. Qxe7 Rxe7 28. Bxe4 Rxe5 29. Bxb7 Nc4 30. Bxa6 Nxa3 31.
h3 Nc2 32. Rd8+ Kg7 33. Rb8 Nxb4 34. Rxb5 Re1+ 35. Nf1 Nxa6 36. f3 Nc7 37. Rb6 Nd5 38.
Rd6 Nc3 39. Rd2 Ra1 40. Kf2 Nd1+ 41. Ke2 Nc3+ 42. Kf2 h5 43. h4 Ra4 44. g3 Ra1 45. Ne3 Rc1 46. Nf1 Rb1 47. Ne3 Ra1 48.
Nf1 Ra6 49. Ne3 Re6 50. Rd3 Nb5 51. Rb3 Nc7 52. Rc3 Ne8 53. Nd5 Nd6 54. Nf4 Re7 55. Rc6 Nf5 56. Nd5 Rd7 57. Rc5 Rd6 58. Nf4 Rd2+ 59. Ke3 0-1

[Event "Open NK Rapid 2025 bord 26-50"]
[Site "Helmond, Netherlands"]
[Date "2025.05.03"]
[Round "3.6"]
[White "Quintus, Max"]
[Black "Bakels, Anton"]
[Result "0-1"]
[TimeControl "15 min +5 sec increment"]
[WhiteFideId "1091450"]
[BlackFideId "1046187"]
[WhiteElo "1803"]
[BlackElo "2025"]

1. d4 Nf6 2. c4 g6 3. Nf3 Bg7 4. g3 O-O 5. Bg2 d6 6. O-O Nbd7 7. Nc3 c6 8. e4 Qc7 9. h3 e5 10. Be3 a6 11. a4 b6 12.
Qd2 Bb7 13. d5 Nc5 14. Qc2 cxd5 15. cxd5 Ncxe4 16. Bxb6 Qxb6 17. Nxe4 Nxd5 18. a5 Qd8 19. Rfd1 Qe7 20. Ra3 Nb4 21.
Qd2 d5 22. Nc3 d4 23. Na4 Rac8 24. Rb3 Nd5 25. Nb6 Rc5 26. Rc1 Rd8 27. Rxc5 Qxc5 28. Ne1 f5 29. Nd3 Qd6 30. Nc4 Qe7 31.
Ndxe5 Bxe5 32. Nxe5 Qxe5 33. Rxb7 Nf6 34. Qh6 Rd7 35. Rb8+ Ne8 36. Ra8 d3 37. Qd2 Kf7 38. Rxa6 Qe2 39. Qf4 d2 40. Qc4+ Qxc4 0-1

[Event "Open NK Rapid 2025 bord 26-50"]
[Site "Helmond, Netherlands"]
[Date "2025.05.03"]
[Round "3.7"]
[White "Van Baaren, Joris"]
[Black "Vogel, Jaap"]
[Result "0-1"]
[TimeControl "15 min +5 sec increment"]
[WhiteFideId "40108929"]
[BlackFideId "1000764"]
[WhiteElo "1796"]
[BlackElo "2006"]

1. e4 e6 2. d4 d5 3. Nd2 c5 4. Ngf3 Nf6 5. exd5 exd5 6. dxc5 Bxc5 7. Nb3 Be7 8. c3 O-O 9. Be2 h6 10. O-O Bg4 11. Be3 Nbd7 12.
h3 Bh5 13. Nfd4 Bxe2 14. Qxe2 Re8 15. Rad1 a5 16. a4 Nb6 17.
Qb5 Nc4 18. Bc1 Qb6 19. Nd2 Rac8 20. Nxc4 Qxb5 21. axb5 dxc4 22. Rfe1 Bc5 23. Be3 Nd5 24. Ra1 Nxe3 25. fxe3 Bb6 26.
Kf2 Re4 27. Nf5 Rf4+ 28. Kg3 Rxf5 29. e4 Rg5+ 30. Kf3 Rd8 31. Rad1 Rxb5 32. Rxd8+ Bxd8 33. Rd1 Bf6 34. Rd2 a4 35. Ke2 a3 0-1

[Event "Open NK Rapid 2025 bord 26-50"]
[Site "Helmond, Netherlands"]
[Date "2025.05.03"]
[Round "3.8"]
[White "Katpatal, Akshaj"]
[Black "Darie, Aden"]
[Result "0-1"]
[TimeControl "15 min +5 sec increment"]
[WhiteFideId "1072595"]
[BlackFideId "1094831"]
[WhiteElo "1772"]
[BlackElo "1941"]

1. e4 e6 2. d4 b6 3. Nc3 Bb7 4. Nf3 Bb4 5. Bd3 Nf6 6. e5 Ne4 7. Bd2 Nxd2 8. Qxd2 Bxc3 9. Qxc3 Bxf3 10.
gxf3 O-O 11. O-O-O Nc6 12. Be4 Qe8 13. Rhg1 Rd8 14. Qd2 f5 15. exf6 Rxf6 16. d5 exd5 17. Bxd5+ Kh8 18. Rde1 Qf8 19.
Rg3 Ne7 20. Be4 d5 21. Bd3 Nf5 22. Rh3 g6 23. Qg5 Qf7 24. Bxf5 gxf5 25. Qf4 Re8 26. Rg1 Rg6 27. Qd4+ Qf6 28.
Qxf6+ Rxf6 29. Rh5 Re2 30. Rhg5 Rf8 31. R1g2 Re7 32. b3 c5 33. h4 h6 34. Rg6 Kh7 35. h5 d4 36. Rd6 Rg7 37.
Rdg6 Rfg8 38. Rxg7+ Rxg7 39. Rh2 Kg8 40. Kd2 Kf7 41.
Kd3 Ke6 42. b4 Kd5 43. bxc5 bxc5 44. c4+ Ke5 45. Rh4 Rb7 46. f4+ Kf6 47. Rh2 Rb2 48. Rg2 Kf7 49. Rg6 Rb6 50. Rg2 Ra6 51. Rg1 Ra3+ 52. Ke2 Rxa2+ 53. Kf3 Ra3+ 54. Ke2 Rb3 55. Ra1 Rb2+ 56. Kf3 Rb3+ 57.
Ke2 Rb2+ 58. Kf3 Rb4 59. Rxa7+ Ke8 60.
Ra8+ Kd7 61. Ra6 Rxc4 62. Rxh6 d3 63. Ke3 Rd4 64. Kd2 c4 65. Rh7+ Kd6 66.
Rh8 Rxf4 67. h6 Rxf2+ 68. Kd1 Rf1+ 69. Kd2 Rf2+ 70. Kd1 Ke5 71. Rc8 Rh2 72. Rxc4 Rxh6 73. Kd2 Rh3 74. Rc8 Kf4 75. Rf8 Rh6 76. Kxd3 Re6 77. Kd2 Kg4 78. Rg8+ Kf3 79. Ra8 f4 80. Ra4 Kg3 81. Ra1 f3 82. Rh1 0-1

[Event "Open NK Rapid 2025 bord 26-50"]
[Site "Helmond, Netherlands"]
[Date "2025.05.03"]
[Round "3.10"]
[White "Bok, Benjamin"]
[Black "Nair, Pranav Prasobh"]
[Result "1-0"]
[TimeControl "15 min +5 sec increment"]
[WhiteFideId "1017063"]
[BlackFideId "40109135"]
[WhiteElo "2583"]
[BlackElo "1507"]

1. c4 e5 2. g3 c6 3.
Nf3 e4 4. Nd4 d5 5. cxd5 cxd5 6. d3 exd3 7.
Qxd3 Be6 8. Nc3 Nc6 9. Nxe6 fxe6 10. Bh3 Qf6 11. O-O Bc5 12. Qb5 Bb6 13. Be3 d4 14. Ne4 Qg6 15. Nd6+ Ke7 16.
Bf4 e5 17. Bxe5 Qh5 18. Nf5+ Kf7 19. Qd5+ Kg6 20. Nh4+ Kh6 21. Bf4+ g5 22. Qe6+ Kg7 23. Nf5+ Kf8 24. Bd6+ Nge7 25. Bxe7+ Ke8 26. Nd6# 1-0

[Event "Open NK Rapid 2025 bord 26-50"]
[Site "Helmond, Netherlands"]
[Date "2025.05.03"]
[Round "3.11"]
[White "Cakmak, Metehan Tugra"]
[Black "Teianu, Sabin"]
[Result "1-0"]
[TimeControl "15 min +5 sec increment"]
[WhiteFideId "44583885"]
[BlackFideId "1095846"]
[WhiteElo "1787"]
[BlackElo "2089"]

1. d4 d5 2. Nf3 Nf6 3. g3 c6 4. Bg2 Bf5 5. O-O e6 6.
Nbd2 h6 7. c4 Bd6 8. Qb3 Qc8 9. Re1 O-O 10. Nh4 Bh7 11. e4 dxe4 12. Nxe4 Nxe4 13. Bxe4 Bxe4 14. Rxe4 Nd7 15. Re1 Rb8 16. Qc3 Re8 17. Nf3 c5 18. Be3 a6 19. Rac1 Qc6 20. dxc5 Bxc5 21.
Bxc5 Qxc5 22. b4 Qc7 23. a3 Rbc8 24. c5 Nf6 25. Qe5 Qc6 26. Qc3 Nd5 27. Qb3 Red8 28. Ne5 Qb5 29. Qf3 Nf6 30.
Nc4 Rc7 31. Nd6 b6 32. Nxb5 1-0

[Event "Open NK Rapid 2025 bord 26-50"]
[Site "Helmond, Netherlands"]
[Date "2025.05.03"]
[Round "3.12"]
[White "Zhou, Yanyang"]
[Black "Ruben, Berend"]
[Result "0-1"]
[TimeControl "15 min +5 sec increment"]
[WhiteFideId "40109739"]
[BlackFideId "1084682"]
[WhiteElo "1785"]
[BlackElo "2074"]

1. e4 e5 2. Nf3 Nc6 3. Bb5 Nge7 4.
O-O Ng6 5. c3 d5 6. Qa4 dxe4 7. Bxc6+ bxc6 8. Qxc6+ Bd7 9. Qxe4 Bd6 10. d4 f5 11. Qd5 Rb8 12. dxe5 Rb5 13. Qd4 Bc5 14.
Qc4 Qe7 15. a4 Rb8 16. Bg5 Be6 17. Qe2 Qf7 18. Rd1 O-O 19. Nd4 h6 20. Nxe6 Qxe6 21. Be3 Bxe3 22. fxe3 Qxe5 23. Na3 Rfe8 24.
Nc4 Qe4 25. Rd4 Qe6 26. Rad1 Ne5 27. Nxe5 Qxe5 28. Qc4+ Kh8 29. Qe2 f4 30. Rd5 Qxe3+ 31. Qxe3 fxe3 32. b4 Rb6 33. Rd8 Rbe6 34.
Rxe8+ Rxe8 35. Re1 g5 36. Kf1 Rf8+ 37. Kg1 Re8 38. Re2 g4 39. Kf1 Kg7 40. Ke1 Kf6 41. Kd1 Kf5 42. Kc2 Ke4 43.
Re1 Rf8 44. h3 g3 45. Rd1 Rf2+ 46. Kb3 Rxg2 47. Rd4+ Kf3 48. Rd8 Rd2 49. Rf8 Kg2 50. Re8 Kf2 51. Rf8+ Ke1 52. Rf3 g2 53.
Rxe3+ Kf2 54. Re8 g1=Q 55. Rf8+ Ke3 56. Re8 Kf4 57. Rf8+ Ke5 58. Re8+ Kf6 59. Rf8+ Ke7 60. Rh8 Qb1+ 61.
Kc4 Qe4+ 62. Kb3 Qd5+ 63. Ka3 Qa2# 0-1

[Event "Open NK Rapid 2025 bord 26-50"]
[Site "Helmond, Netherlands"]
[Date "2025.05.03"]
[Round "3.13"]
[White "Bekkink, Sereyo"]
[Black "Van Happen, Niels"]
[Result "1-0"]
[TimeControl "15 min +5 sec increment"]
[WhiteFideId "1037161"]
[BlackFideId "40101100"]
[WhiteElo "2064"]
[BlackElo "1782"]

1. e4 e5 2. Nf3 Nc6 3. Nc3 Nf6 4. h3 d5 5. exd5 Nxd5 6. Bb5 Nxc3 7. bxc3 Bd6 8.
O-O O-O 9. d4 exd4 10. cxd4 Ne7 11. Bd3 Ng6 12. Ng5 h6 13. Ne4 Bf4 14. Ba3 Re8 15. Re1 Bf5 16. c3 Qd5 17. Qf3 Be6 18. Bb2 f5 19. c4 fxe4 20.
cxd5 exf3 21. dxe6 Ne7 22. g3 Bd6 23. Be4 Rf8 24. Re3 c6 25. Rxf3 Rxf3 26. Bxf3 b5 27. Kf1 Rc8 28. Rc1 c5 29.
dxc5 Rxc5 30. Rd1 Be5 31. Be4 g6 32. Ba3 Rc7 33. Rd7 1-0

[Event "Open NK Rapid 2025 bord 26-50"]
[Site "Helmond, Netherlands"]
[Date "2025.05.03"]
[Round "3.14"]
[White "Seth, Aakrit"]
[Black "Schleipfenbauer, Bent"]
[Result "1/2-1/2"]
[TimeControl "15 min +5 sec increment"]
[WhiteFideId "34604812"]
[BlackFideId "1048759"]
[WhiteElo "1780"]
[BlackElo "1992"]

1. d4 d5 2. Bf4 Nf6 3. e3 c5 4. c3 Nc6 5.
Nf3 Qb6 6. Qb3 c4 7. Qc2 Bf5 8.
Qc1 h6 9. h3 Qa6 10. Be2 b5 11. a3 e6 12. Nbd2 Be7 13. O-O O-O 14. b3 Qb7 15. Qb2 a5 16. bxc4 dxc4 17. Nxc4 Rfc8 18.
Nd6 Bxd6 19. Bxd6 Qd7 20. Bh2 Na7 21. Ne5 Qb7 22. Nd3 Nd7 23. Rfc1 Be4 24. f3 Bd5 25. Ne5 Nxe5 26. Bxe5 Bc4 27. Rab1 Bxe2 28. Qxe2 Rc6 29. a4 b4 30. cxb4 Rxc1+ 31. Rxc1 Qxb4 32. Qa2 Rc8 33.
Rb1 Qc3 34. Qb3 Rc4 35. Qxc3 Rxc3 36.
Rb8+ Kh7 37. Kf2 Rc1 38. Rb7 Nc6 39. Rxf7 Nxe5 40. dxe5 Rc4 41. Rf4 Rc5 42. Re4 Kg6 43. f4 Kf5 44. Kf3 g5 45. g4+ Kg6 46. Rd4 h5 47. Rd6 hxg4+ 48. hxg4 Kf7 49. Ke4 Rc4+ 50. Rd4 Rc7 51. f5 Rb7 52. fxe6+ Kxe6 53. Rd6+ Ke7 54. Kf5 Rb4 55. Rd4 Rb3 56. e4 Rb4 57. Rd5 Rxa4 58.
e6 Ra1 59. Rd7+ Ke8 60. Ra7 a4 61. e7 Kf7 62. e5 Rf1+ 63.
Kxg5 Re1 64. Kf5 Rf1+ 65. Ke4 Re1+ 66. Kd4 Rd1+ 67. Kc3 Re1 68.
Rxa4 Rxe5 69. Ra7 Re4 70. g5 Rg4 71. Kd3 Rxg5 72. Kd4 Rh5 1/2-1/2

[Event "Open NK Rapid 2025 bord 26-50"]
[Site "Helmond, Netherlands"]
[Date "2025.05.03"]
[Round "3.15"]
[White "Hoornstra, Hans"]
[Black "Van Boxel, Tamara"]
[Result "1-0"]
[TimeControl "15 min +5 sec increment"]
[WhiteFideId "1036076"]
[BlackFideId "1078747"]
[WhiteElo "1976"]
[BlackElo "1780"]

1. e4 e5 2. Nf3 Nc6 3. Bc4 Bc5 4. c3 Nf6 5. d3 O-O 6. O-O h6 7. Re1 Bb6 8. Nbd2 d6 9. Nf1 Bg4 10.
h3 Bh5 11. Ng3 Bg6 12. Nh4 Bh7 13. Ngf5 Qd7 14. g4 Ne7 15. Ne3 Ng6 16. Nxg6 Bxg6 17. Qf3 Nh7 18. h4 Nf6 19. Kg2 c6 20.
h5 Bh7 21. Nf5 d5 22. exd5 cxd5 23. Bb3 Bxf5 24. gxf5 e4 25. dxe4 dxe4 26. Qg3 Qxf5 27. Bxh6 Nxh5 28. Qg5 Qxf2+ 29. Kh3 Qf3+ 30. Kh2 Bc7+ 31. Kg1 Bb6+ 32. Kh2 Bf2 33. Rg1 Bxg1+ 34. Rxg1 Qf6 35. Qxh5 Qxh6 36. Qxh6 Rad8 37. Qxg7# 1-0

[Event "Open NK Rapid 2025 bord 26-50"]
[Site "Helmond, Netherlands"]
[Date "2025.05.03"]
[Round "3.16"]
[White "Blijlevens, Pim"]
[Black "Zhang, Xiheng"]
[Result "0-1"]
[TimeControl "15 min +5 sec increment"]
[WhiteFideId "1022997"]
[BlackFideId "40102386"]
[WhiteElo "1969"]
[BlackElo "1778"]

1. f4 d5 2. Nf3 Nf6 3. e3 c5 4. Bb5+ Bd7 5. Qe2 g6 6. O-O Bg7 7. Ne5 Nc6 8. Bxc6 Bxc6 9. Nxc6 bxc6 10.
b3 Ne4 11. c3 O-O 12. Bb2 e6 13. d3 Nd6 14. c4 Bxb2 15. Qxb2 Nf5 16. e4 dxe4 17. dxe4 Ne3 18. Re1 Qd4 19.
Qxd4 cxd4 20. Re2 Rad8 21. Nd2 Nc2 22.
Rd1 d3 23. Rf2 Ne3 24. Re1 Nc2 25. Rd1 Rd7 26. g3 f6 27. Rf3 Nd4 28. Rf2 Ne2+ 29. Kg2 Nc3 30. Ra1 Rd4 31. Kf3 Rfd8 32. Ke3 R4d7 33. Rff1 Ne2 34.
Rf2 Nd4 35. Rff1 Nc2+ 36. Kf3 Nxa1 37.
Rxa1 c5 38. Ke3 a5 39. Rc1 f5 40. e5 h6 41. Rc3 g5 42. Kf3 gxf4 43. Kxf4 Rd4+ 44. Ke3 Kf7 45. Kf3 h5 46. Rc1 h4 47. Rf1 hxg3 48. hxg3 Rh8 49.
Rf2 Rh1 50. Nf1 Re4 51. Nd2 Rxe5 52. g4 Re2 53. Rxe2 dxe2 54. Kxe2 fxg4 55. Ne4 Rh2+ 56. Ke3 Rxa2 57. Nxc5 g3 0-1

[Event "Open NK Rapid 2025 bord 26-50"]
[Site "Helmond, Netherlands"]
[Date "2025.05.03"]
[Round "3.17"]
[White "Gergin, Isafara"]
[Black "Francois, Peter"]
[Result "1-0"]
[TimeControl "15 min +5 sec increment"]
[WhiteFideId "1082167"]
[BlackFideId "1089730"]
[WhiteElo "1779"]
[BlackElo "1968"]

1. e4 c5 2. Nf3 g6 3. d4 cxd4 4. Nxd4 Bg7 5. c4 Nc6 6. Be3 d6 7. Nc3 Nf6 8. Be2 O-O 9. O-O Bd7 10.
Rc1 a6 11. h3 Rc8 12. b3 Qc7 13. Qd2 Rfd8 14. f4 Qb8 15. f5 Na7 16. Bh6 b5 17. Bxg7 Kxg7 18. Kh1 b4 19. Nd5 Nxe4 20.
Qf4 Nf6 21. fxg6 hxg6 22. Nxe7 Nh5 23. Qxf7+ Kh6 24. Qxg6# 1-0

[Event "Open NK Rapid 2025 bord 26-50"]
[Site "Helmond, Netherlands"]
[Date "2025.05.03"]
[Round "3.18"]
[White "Torn, Daniel"]
[Black "Rohatgi, Kushagra"]
[Result "0-1"]
[TimeControl "15 min +5 sec increment"]
[WhiteFideId "1074490"]
[BlackFideId "34603212"]
[WhiteElo "1966"]
[BlackElo "1774"]

1. e4 c6 2. d4 d5 3. Nc3 dxe4 4. Nxe4 Nf6 5. Nxf6+ exf6 6. Nf3 Bd6 7. Bd3 O-O 8. h4 Re8+ 9.
Kf1 h5 10. c4 Bg4 11. g3 Qe7 12. Kg2 Nd7 13. Bd2 c5 14. Re1 Qd8 15. Bc3 cxd4 16. Bxd4 Be5 17. Be3 Bxb2 18. Rb1 Bc3 19.
Bd2 Bxf3+ 20. Kxf3 Rxe1 21. Bxe1 Ne5+ 22. Kg2 Bxe1 23. Be4 Qxd1 24. Rxd1 Ba5 25. Bxb7 Rb8 26. Bd5 Rc8 27. Rc1 Bb6 28.
Rc3 Ng4 29. Rc2 Bc5 30. Rb2 Rc7 31. Rb8+ Kh7 32. Rb2 Ne5 33. a4 a5 34. Rb5 Bb4 35. Be4+ g6 36. f4 Nxc4 37. Rxh5+ Kg7 38.
Rb5 Nd6 0-1

[Event "Open NK Rapid 2025 bord 26-50"]
[Site "Helmond, Netherlands"]
[Date "2025.05.03"]
[Round "3.19"]
[White "Oostvogels, Niek"]
[Black "John, Ryan"]
[Result "1-0"]
[TimeControl "15 min +5 sec increment"]
[WhiteFideId "1051725"]
[BlackFideId "40102122"]
[WhiteElo "1949"]
[BlackElo "1767"]

1. Nf3 d5 2. g3 e6 3. Bg2 Nf6 4. d3 Be7 5. O-O O-O 6. Nbd2 c5 7. e4 Nc6 8. Re1 Qc7 9. e5 Nd7 10.
Qe2 Rb8 11. Nf1 b6 12. Bf4 Bb7 13. h4 Rbe8 14. Ne3 Qd8 15. Ng4 f5 16. exf6 Bxf6 17. Nxf6+ Nxf6 18. Bh3 Bc8 19. Ne5 Nxe5 20.
Bxe5 Qe7 21. Qd2 Nd7 22. Re2 Nxe5 23. Rxe5 Qf6 24. Rae1 d4 25. Qe2 Kh8 26. f4 Qg6 27. Kh2 Rf6 28.
Qf3 Qf7 29. Qe2 Kg8 30. Bg4 h6 31. Bf3 Kf8 32. Qe4 Kg8 33. Qc6 Bd7 34. Qc7 Bc8 35. Qxf7+ Kxf7 36. Bg4 Re7 37. f5 1-0

[Event "Open NK Rapid 2025 bord 26-50"]
[Site "Helmond, Netherlands"]
[Date "2025.05.03"]
[Round "3.20"]
[White "De Wit, Evan"]
[Black "Klute, Leon"]
[Result "0-1"]
[TimeControl "15 min +5 sec increment"]
[WhiteFideId "1096389"]
[BlackFideId "1096460"]
[WhiteElo "1917"]
[BlackElo "1761"]

1. e4 c5 2. Nf3 d6 3. d4 cxd4 4. Nxd4 Nf6 5. Nc3 a6 6. f3 e5 7. Nb3 Be6 8. Be3 Be7 9. Qd2 h5 10.
Nd5 Bxd5 11. exd5 Nbd7 12. c4 Rb8 13. a4 b6 14. a5 b5 15. cxb5 axb5 16. Rd1 Qc8 17. Qb4 Qb7 18. Qd2 Bd8 19.
Be2 Ra8 20. O-O h4 21. f4 b4 22. a6 Qb8 23. fxe5 Nxe5 24. Nd4 O-O 25. Nc6 Nxc6 26. dxc6 Bb6 27. Kh1 Bxe3 28. Qxe3 Re8 29.
Qd3 Qb6 30. Qb5 Rab8 31. Qxb6 Rxb6 32. Bf3 Rxa6 33. Rxd6 Rc8 34. Rc1 Kf8 35. Rd4 g5 36. Rxb4 g4 37. Bxg4 Rcxc6 38. Rxc6 Ra1+ 0-1

[Event "Open NK Rapid 2025 bord 26-50"]
[Site "Helmond, Netherlands"]
[Date "2025.05.03"]
[Round "3.21"]
[White "Lalkota, Sai Pranav Tejas"]
[Black "De Oude, Sybe"]
[Result "0-1"]
[TimeControl "15 min +5 sec increment"]
[WhiteFideId "1087690"]
[BlackFideId "40110052"]
[WhiteElo "1777"]
[BlackElo "1914"]

1. c4 f5 2. Nc3 Nf6 3. g3 e6 4. Bg2 Be7 5. e3 O-O 6. Nge2 c5 7. O-O Nc6 8. d4 cxd4 9. exd4 d6 10.
Bf4 a6 11. Qd2 Qc7 12. d5 Ne5 13. Bxe5 dxe5 14. dxe6 Qxc4 15. Nd5 Nxd5 16. Bxd5 Qg4 17. f3 Qg6 18. Qc3 Bxe6 19. Qxe5 Bxd5 20.
Qxd5+ Qf7 21. Rad1 Rfd8 22. Qxb7 Bc5+ 23. Kg2 Qxb7 24. Nf4 Rxd1 25. Rxd1 Qxb2+ 26. Ne2 Qxe2+ 27. Kh3 Qxd1 0-1

[Event "Open NK Rapid 2025 bord 26-50"]
[Site "Helmond, Netherlands"]
[Date "2025.05.03"]
[Round "3.22"]
[White "Jara Segovia, Jesus Javier"]
[Black "Pieper, Roy"]
[Result "1-0"]
[TimeControl "15 min +5 sec increment"]
[WhiteFideId "3925439"]
[BlackFideId "40101215"]
[WhiteElo "1909"]
[BlackElo "1758"]

1. e4 c6 2. Nf3 d5 3.
e5 c5 4. b4 cxb4 5. d4 e6 6. a3 Nc6 7. axb4 Bxb4+ 8.
c3 Be7 9. Ba3 a6 10. Bd3 b5 11. Bxe7 Ngxe7 12. Bxb5 Bb7 13. Bd3 Ng6 14. O-O Nf4 15. Bc2 g5 16. g3 Nh3+ 17. Kg2 g4 18. Nh4 h5 19. Nd2 Rc8 20. Nb3 Nxe5 21. f4 Nc4 22.
Re1 Qb6 23. Rb1 Na3 24. Rb2 Rxc3 25. Qd2 Rxc2 26. Rxc2 Qxb3 27. Rb2 Nxf4+ 28. Kh1 Qd3 29. Qxf4 Bc8 30. Rb8 Qc2 31. Rc1 Qe4+ 32.
Qxe4 dxe4 1-0

[Event "Open NK Rapid 2025 bord 26-50"]
[Site "Helmond, Netherlands"]
[Date "2025.05.03"]
[Round "3.23"]
[White "Tetova, Amir"]
[Black "Veldhuyzen, Ywein"]
[Result "1-0"]
[TimeControl "15 min +5 sec increment"]
[WhiteFideId "1095838"]
[BlackFideId "1095773"]
[WhiteElo "1759"]
[BlackElo "1894"]

1. d4 Nf6 2. Nf3 e6 3. Bf4 d5 4. e3 Bd6 5.
Bg3 b6 6. c3 Ba6 7. Bxa6 Nxa6 8.
Qa4+ Qd7 9. Qxa6 O-O 10. Bxd6 cxd6 11. Qe2 Rfe8 12. Nbd2 e5 13. dxe5 dxe5 14. O-O Rad8 15. Nb3 Qf5 16.
Rad1 Qh5 17. Qb5 e4 18. Nfd4 Ng4 19. h3 Ne5 20. Nc6 Nf3+ 21. gxf3 Qxh3 22. Nxd8 Rxd8 23. Rxd5 Rf8 24. Rh5 Qxf3 25.
Qf5 1-0

[Event "Open NK Rapid 2025 bord 26-50"]
[Site "Helmond, Netherlands"]
[Date "2025.05.03"]
[Round "3.24"]
[White "Overtoom, Reinier"]
[Black "Cornelissen, Jort"]
[Result "0-1"]
[TimeControl "15 min +5 sec increment"]
[WhiteFideId "1047361"]
[BlackFideId "1098160"]
[WhiteElo "1892"]
[BlackElo "1750"]

1. d4 Nf6 2. c4 e6 3. Nf3 c5 4. Nc3 cxd4 5. Nxd4 a6 6. g3 Nc6 7. Bg2 Be7 8. O-O O-O 9. e4 Qc7 10.
Nde2 b6 11. b3 Bb7 12. Bb2 Ne5 13. Rc1 Rad8 14. Qc2 Qb8 15. Rfd1 Qa8 16. h3 d6 17. Nf4 Ned7 18. Re1 Rc8 19.
Qe2 b5 20. cxb5 Nc5 21. b4 Ncd7 22. bxa6 Bxa6 23. b5 Bb7 24. Nd3 Nb6 25. Ra1 d5 26. e5 Nfd7 27. a4 Nc4 28. f4 Qa5 29.
Rec1 Nxb2 30. Qxb2 d4 31. Ne4 Rxc1+ 32. Qxc1 Rc8 33. Qb2 Nb6 34. Nf6+ gxf6 35. Bxb7 Rc3 36. Qe2 Nxa4 37. exf6 Bxf6 38.
Bc6 Qa7 39. Qe4 Nc5 40. Nxc5 Qxa1+ 41. Kf2 Qa2+ 42. Qe2 Rc2 43. Bf3 Rxe2+ 44. Bxe2 Qc2 45. Nd3 Be7 46. b6 Qb3 0-1